 Dungeon Crawl Stone Soup version 0.27-a0-412-g8dd771eca2 (webtiles) character file.

Game seed: 14383423909608702986

100 wampuh the Ruffian (level 4, 0/35 HPs)
             Began as a Draconian Transmuter on Feb 24, 2021.
             Was an Initiate of Makhleb.
             Slain by Crazy Yiuf
             ... wielding a +3 quarterstaff of chaos
              (4 damage)
             ... while petrified by Crazy Yiuf
             ... on level 2 of the Dungeon.
             The game lasted 00:01:58 (2355 turns).

wampuh the Ruffian (Draconian Transmuter)           Turns: 2355, Time: 00:01:59

Health: 0/35       AC:  5    Str: 12    XL:     4   Next: 46%
Magic:  7/7        EV:  2    Int: 15    God:    Makhleb [......]
Gold:   104        SH:  0    Dex: 17    Spells: 4/7 levels left

rFire    . . .     SeeInvis .     - Unarmed
rCold    . . .     Faith    .   (no shield)
rNeg     + + +     Spirit   .   (armour unavailable)
rPois    ∞         Reflect  +   (helmet currently unavailable)
rElec    .         Harm     .   (no cloak)
rCorr    .         Rampage  .   (no gloves)
Will     .....                  (boots currently unavailable)
Stlth    ++........             l - amulet of reflection
HPRegen  0.11/turn              m - +6 ring of dexterity
MPRegen  0.10/turn              k - ring of wizardry

@: appendages, petrified
A: unfitting armour, horns 2, talons 2, cold-blooded, AC +5
a: End Transformation, Renounce Religion


You were on level 2 of the Dungeon.
You worshipped Makhleb.
Makhleb was noncommittal.
You had grown temporary horns.
You had grown temporary talons.
You visited 1 branch of the dungeon, and saw 2 of its levels.

You collected 104 gold pieces.

Inventory:

Jewellery
 a - a ring of positive energy
 k - a ring of wizardry (right hand)
 l - an amulet of reflection (around neck)
 m - a +6 ring of dexterity (left hand)
Scrolls
 b - 2 scrolls of fear {unknown}
 c - a scroll of identify {unknown}
 e - a scroll of enchant armour {unknown}
 j - a scroll of blinking {unknown}
Potions
 d - a potion of mutation {unknown}
 f - a potion of haste {unknown}
 g - 2 potions of cancellation {unknown}
 h - a potion of invisibility {unknown}
 i - 2 potions of flight {unknown}


   Skills:
 - Level 1.1 Fighting
 - Level 1.7 Dodging
 + Level 4.3 Unarmed Combat
 - Level 2.0 Spellcasting
 + Level 3.6 Transmutations


You had 4 spell levels left.
You knew the following spells:

 Your Spells              Type           Power        Failure   Level
a - Beastly Appendage     Tmut           24%          1%          1
b - Wereblood             Tmut           12%          3%          2

Your spell library contained the following spells:

 Spells                   Type           Power        Failure   Level
 Spider Form              Tmut/Pois      3%           13%         3
 Ice Form                 Ice/Tmut       6%           38%         4
 Blade Hands              Tmut           6%           45%         5


Dungeon Overview and Level Annotations

Branches:
Dungeon (2/15)

Altars:
Makhleb
Zin

Annotations:
D:2 Crazy Yiuf


Innate Abilities, Weirdness & Mutations

Your plain brown scales are hard. (AC +5)
You cannot fit into any form of body armour.
You are cold-blooded and may be slowed by cold attacks.
You have a pair of horns on your head.
You have razor-sharp toenails.


Message History

Found a stone staircase leading up.
There is a stone staircase leading up here.
Found a glowing mace and a mace.
Found a mace.
You see here a mace.
Found seven maces.
Found a runed translucent door.
You see here a mace.
Crazy Yiuf shouts!
Found a mace.
You see here a mace.
You see here a mace.
Crazy Yiuf flaps his cloak.
Found three maces.
You see here a mace.
You grow a pair of large bovine horns.
Your feet morph into talons.
You open the door. You hit Crazy Yiuf but do no damage. You claw Crazy Yiuf.
You tail-slap Crazy Yiuf.
Crazy Yiuf is moderately wounded.
Crazy Yiuf hits you with a +3 quarterstaff of chaos!
You feel yourself slow down. Crazy Yiuf freezes you.
You hit Crazy Yiuf.
Your tail-slap misses Crazy Yiuf.
Crazy Yiuf is heavily wounded.
Crazy Yiuf hits you with a +3 quarterstaff of chaos.
You are slowing down.
You hit Crazy Yiuf.
Crazy Yiuf is heavily wounded.
You feel yourself speed up. Crazy Yiuf barely misses you.
Crazy Yiuf hits you with a +3 quarterstaff of chaos!
Crazy Yiuf freezes you.
You have turned to stone.
Crazy Yiuf cries, "Fire sow eyeball!"
Crazy Yiuf hits you with a +3 quarterstaff of chaos!
* * * LOW HITPOINT WARNING * * *
You are electrocuted!
* * * LOW HITPOINT WARNING * * *
Crazy Yiuf hits you with a +3 quarterstaff of chaos.
Crazy Yiuf freezes you.
Crazy Yiuf hits you with a +3 quarterstaff of chaos!
You die...

#....###.# #....#
#.# #....# #.#
##..)# #.# ####
##)## #.# #..# ##)#
#.# #.## #)##
#.######### #.#
##)# #.........#
#.# #@##
#########.## #.#
#g# ########.#.#
#########.# )))
#.......###.
..........## #)))#
########....
########...# #).)#
#### #...#..
..........## #####
#..###.#....
########..#
#......##.#.
........#.#
########......##.#.
########..#
#.#.##...........#.


You could see Crazy Yiuf.

Vanquished Creatures
  2 orc wizards (D:2)
  2 adders
  A worm (D:2)
  A dart slug (D:2)
  3 orcs
  A giant cockroach (D:1)
  A goblin (D:1)
  2 hobgoblins
  5 bats
  A frilled lizard (D:1)
  4 kobolds (D:2)
  4 rats
27 creatures vanquished.

Notes
Turn   | Place    | Note
-------+----------+-------------------------------------------
     0 | D:1      | wampuh the Draconian Transmuter began the quest for the
                  | Orb.
     0 | D:1      | Reached XP level 1. HP: 16/16 MP: 3/3
   644 | D:1      | Reached XP level 2. HP: 23/23 MP: 3/5
  1336 | D:2      | Found a burning altar of Makhleb.
  1372 | D:2      | Noticed an Executioner
  1373 | D:2      | Found a glowing silver altar of Zin.
  1373 | D:2      | Noticed an angel
  1387 | D:2      | Became a worshipper of Makhleb the Destroyer
  1705 | D:1      | Learned a level 2 spell: Wereblood
  1715 | D:1      | Reached XP level 3. HP: 13/28 MP: 2/6
  1930 | D:2      | Reached skill level 4 in Unarmed Combat
  1937 | D:2      | Reached XP level 4. HP: 31/35 MP: 4/7
  2344 | D:2      | Found a runed translucent door.
  2345 | D:2      | Noticed Crazy Yiuf
  2355 | D:2      | Slain by Crazy Yiuf

Illustrated notes

Levels and vault maps discovered:
D:1:      heliophobic_arrival_ceremonial_halls, layout_basic
D:2:      layout_loops_ring, grunt_temple_overflow_order_and_chaos_2,
          uniq_crazy_yiuf_cottage

Skill      XL: |  1  2  3 |
---------------+----------+-----
Unarmed Combat | 4 |  4.3
Transmutations | 3 |  3.6
Fighting       | |  1.1
Dodging        | |  1.7
Spellcasting   | |  2.0

Action                   |  1- 3 |  4- 6 || total
-------------------------+-------+-------++-------
Melee: Unarmed           |    66 |    13 ||    79
       Tailslap          |     6 |     1 ||     7
       Kick              |    10 |     4 ||    14
       Headbutt          |     9 |     2 ||    11
 Cast: Beastly Appendage |    18 |     4 ||    22
       Wereblood         |     2 |       ||     2
 Stab: Sleeping          |     1 |       ||     1
Armor: Skin              |    21 |     2 ||    23
Dodge: Dodged            |    49 |     5 ||    54
Block: Other             |     5 |     1 ||     6

Table legend: (Time is in decaauts)
 A = Elapsed time spent in this place.
 B = Non-inter-level travel time spent in this place.
 C = Inter-level travel time spent in this place.
 D = Time resting spent in this place.
 E = Time spent auto-exploring this place.
 F = Levels seen in this place.
 G = Mean time per level.
                   A        B        C        D        E       F      G
               +--------+--------+--------+--------+--------+-----+--------+
         Total |   2351 |   2338 |     13 |    434 |   1661 |   2 | 1175.5 |
       Dungeon |   2351 |   2338 |     13 |    434 |   1661 |   2 | 1175.5 |
               +--------+--------+--------+--------+--------+-----+--------+

Top non-repeatable levels by time:
     D:1: 1561 daAuts
     D:2: 789 daAuts
